 Dungeon Crawl Stone Soup version 0.32-a0-909-gc671339a80 (webtiles) character file.

Game seed: 17065162832145026527

206 GiantSquids the Shooter (level 5, -3/38 HPs)
             Began as a Coglin Hunter on Apr 7, 2024.
             Slain by Menkaure (21 damage)
             ... on level 4 of the Dungeon.
             The game lasted 00:02:55 (2059 turns).

GiantSquids the Shooter (Coglin Hunter)             Turns: 2059, Time: 00:02:56

Health: -3/38      AC:  3    Str: 11    XL:     5   Next: 84%
Magic:  5/5        EV: 11    Int:  8    God:
Gold:   98         SH:  0    Dex: 20    Spells: 4/4 levels left

rFire   . . .        n - +2 dagger (venom) {Sarina}
rCold   . . .        g - +0 dagger (speed) {Xochitl}
rNeg    . . .        o - +0 leather armour {rPois}
rPois   +            (no helmet)
rElec   .            k - scarf {repulsion}
rCorr   .            (no gloves)
SInv    .            (no boots)
Will    .....        (amulet unavailable)
Stlth   ++           (ring unavailable)
HPRegen 0.26/turn    (ring unavailable)
MPRegen 0.09/turn    (no gizmo)

%: repel missiles
@: revved
A: off-hand wielding, slow wielding, warmup strikes, no jewellery
a: Invent Gizmo


You were on level 4 of the Dungeon.
You visited 1 branch of the dungeon, and saw 5 of its levels.

You collected 98 gold pieces.

Inventory:

Hand Weapons
 a - a +2 sling {Suthep}
 d - a +0 sling {Lan}
 g - a +0 dagger of speed (offhand) {Xochitl}
 n - a +2 dagger of venom (weapon) {Sarina}
Armour
 k - a scarf of repulsion (worn)
 o - a +0 leather armour of poison resistance (worn)
Scrolls
 b - a scroll of butterflies
 h - a scroll of blinking {unknown}
 i - a scroll of torment {unknown}
 l - a scroll of immolation {unknown}
 m - a scroll of enchant armour {unknown}
Potions
 e - a potion of curing {unknown}
 f - 2 potions of attraction {unknown}
 j - a potion of enlightenment {unknown}


   Skills:
 - Level 2.0 Fighting
 + Level 6.3 Ranged Weapons
 - Level 1.7 Dodging
 - Level 0.7 Stealth


You had 4 spell levels left.
You didn't know any spells.
Your spell library contained the following spells:

 Spells                   Type           Power      Damage    Failure   Level
 Apportation              Tloc           0%         N/A       50%         1
 Magic Dart               Conj           0%         1d3       50%         1
 Necrotise                Necr           0%         1d4       50%         1
 Sting                    Conj/Alch      0%         1d3       50%         1
 Summon Small Mammal      Summ           0%         N/A       50%         1
 Blink                    Tloc           0%         N/A       65%         2
 Call Imp                 Summ           0%         N/A       65%         2
 Dazzling Flash           Conj/Hex       0%         N/A       86%         3
 Mephitic Cloud           Conj/Alch/Air  0%         N/A       86%         3
 Curse of Agony           Necr           0%         N/A       100%        5
 Silence                  Hex/Air        0%         N/A       100%        5


Dungeon Overview and Level Annotations

Branches:
Dungeon (5/15)
 Temple: D:4-7

Altars:

Annotations:
D:4 Menkaure


Innate Abilities, Weirdness & Mutations

You can wield a second weapon in your off-hand.
It takes a long time for you to wield or remove held weapons.
Your first few attacks do less damage.
You cannot equip rings or amulets.


Message History

You finish removing your +0 leather armour.
You start putting on your armour.
You continue putting on your +0 leather armour of poison resistance. x5
You finish putting on your +0 leather armour of poison resistance.
You feel resistant to poison.
You drop a +0 leather armour.
Things that are here:
a +0 club; a +0 leather armour
Items here: ( ))) [[ ††.
There is a stone staircase leading up here.
You can't go down here!
You climb upwards.
Menkaure shouts!
Found a short sword, 2 murky purple potions and a ring mail.
There is a stone staircase leading down here.
Menkaure closely misses you.
You hit Menkaure with your +2 dagger of venom.
Menkaure is lightly damaged.
You hit Menkaure with your +0 dagger of speed.
Menkaure casts a spell.
Menkaure seems to speed up.
You hit Menkaure with your +2 dagger of venom.
Menkaure is moderately damaged.
You hit Menkaure with your +0 dagger of speed.
Menkaure calls on the powers of darkness!
Your body is wracked with pain!
You hit Menkaure with your +2 dagger of venom.
Menkaure is severely damaged.
You hit Menkaure but do no damage. Menkaure closely misses you.
You hit Menkaure but do no damage.
Menkaure is severely damaged.
You hit Menkaure with your +2 dagger of venom.
Menkaure points at you and mumbles some strange words.
Pain shoots through your body!
You hit Menkaure but do no damage.
Menkaure is severely damaged.
You closely miss Menkaure with your +0 dagger of speed.
Menkaure hits you!!
Ouch! That really hurt!
You die...

###. .....
.!... ....
).... #..##
......###....#
......#....#
.......>...#
....#......# .
##.....#
##.@..#
#.M...#
#.......#
...###..#
..[.# .#.#
...... ##.
.......
########


You could see Menkaure (fast).

Vanquished Creatures
  A black bear (D:5)
  An orc priest (D:5)
  An orc wizard (D:5)
  2 adders (D:2)
  2 orcs (D:5)
  2 endoplasms
  2 giant cockroaches
  4 goblins
  4 hobgoblins
  3 jackals (D:2)
  5 quokkas
  4 bats
  2 frilled lizards (D:1)
  2 kobolds
  3 rats
38 creatures vanquished.

Notes
Turn   | Place    | Note
-------+----------+-------------------------------------------
     0 | D:1      | GiantSquids the Coglin Hunter began the quest for the Orb.
     0 | D:1      | Reached XP level 1. HP: 16/16 MP: 1/1
   111 | D:1      | Reached skill level 4 in Ranged Weapons
   111 | D:1      | Reached XP level 2. HP: 11/22 MP: 2/2
   956 | D:2      | Reached XP level 3. HP: 27/27 MP: 3/3
  1651 | D:3      | You fall into a shaft and drop 2 floors!
  1651 | D:5      | Entered Level 5 of the Dungeon
  1662 | D:5      | Noticed a black bear
  1674 | D:5      | HP: 1/27 [black bear (8)]
  1676 | D:5      | Killed a black bear
  1677 | D:5      | Reached skill level 5 in Ranged Weapons
  1677 | D:5      | Reached XP level 4. HP: 2/33 MP: 4/4
  1677 | D:5      | Reached XP level 5. HP: 2/38 MP: 5/5
  1832 | D:5      | Reached skill level 6 in Ranged Weapons
  2051 | D:4      | Noticed Menkaure
  2059 | D:4      | Slain by Menkaure

Illustrated notes

Levels and vault maps discovered:
D:1:      minmay_arrival_stone_box, layout_basic
D:2:      layout_loops_ring
D:3:      layout_basic, okawaru_altar_gauntlet_db, serial_shops,
          nicolae_shop_tiny_real_fake_doors, minivault_19
D:4:      layout_layer_cave, uniq_menkaure
D:5:      layout_loops_corners, minmay_temple_entry_statues,
          ebering_ghost_sewer_d, dreamdust_wishing_well, uniq_blork_the_orc

Skill      XL: |  1  2  3  4  5 |
---------------+----------------+-----
Ranged Weapons | 4 5 6 |  6.3
Fighting       | |  2.0
Dodging        | |  1.7
Stealth        | |  0.7

Action                     |  1- 3 |  4- 6 || total
---------------------------+-------+-------++-------
  Melee: Dagger            |   106 |    53 ||   159
   Fire: Sling             |    78 |       ||    78
   Stab: Sleeping          |     4 |       ||     4
 Armour: Leather armour    |    42 |    12 ||    54
  Dodge: Dodged            |    35 |     7 ||    42
         Repelled          |       |     3 ||     3

Table legend: (Time is in decaauts)
 A = Elapsed time spent in this place.
 B = Non-inter-level travel time spent in this place.
 C = Inter-level travel time spent in this place.
 D = Time resting spent in this place.
 E = Time spent auto-exploring this place.
 F = Levels seen in this place.
 G = Mean time per level.
                   A        B        C        D        E       F      G
               +--------+--------+--------+--------+--------+-----+--------+
         Total |   2053 |   1941 |    112 |    128 |   1479 |   5 |  410.6 |
       Dungeon |   2053 |   1941 |    112 |    128 |   1479 |   5 |  410.6 |
               +--------+--------+--------+--------+--------+-----+--------+

Top non-repeatable levels by time:
     D:1: 894 daAuts
     D:2: 753 daAuts
     D:5: 394 daAuts
     D:4: 7 daAuts
     D:3: 3 daAuts
